| TOP OF THE 1ST |
|
New York Yankees batting - Pitching for Detroit Tigers : RHP Edwin Ramirez
|
|
Pitching: RHP Edwin Ramirez
|
|
|
Batting: SHB Tim Raines
|
0-0: Called Strike 0-1: SINGLE (Groundball, 5L, EV 94.4 MPH)
|
|
Batting: SHB Willie Wilson
|
0-0: Ball Tim Raines steals 2nd base 1-0: Called Strike 1-1: Foul Ball, location: 2F 1-2: Strikes out swinging
|
|
Batting: LHB Kent Hrbek
|
0-0: Called Strike Tim Raines steals 3rd base 0-1: Swinging Strike 0-2: Ball 1-2: Ball 2-2: Ball 3-2: Ground out 4-3 (Groundball, 34, EV 100.6 MPH) Tim Raines scores
|
|
Batting: LHB George Kaage
|
0-0: Foul Ball, location: 2F 0-1: Ball 1-1: Foul Ball, location: 2F 1-2: Ball 2-2: Foul Ball, location: 2F 2-2: Ball 3-2: Reached on error, E6 (Popup, P, EV 82.5 MPH)
|
|
Batting: RHB Pedro Guerrero
|
0-0: Ball George Kaage steals 2nd base 1-0: Called Strike 1-1: Ball 2-1: Foul Ball, location: 2F 2-2: Fly out, F7 (Flyball, 7LS, EV 87.5 MPH)
|
| Top of the 1st over - 1 run, 1 hit, 1 error, 1 left on base; New York 1 - Detroit 0 |
| BOTTOM OF THE 1ST |
|
Detroit Tigers batting - Pitching for New York Yankees : RHP Paul Moskau
|
|
Pitching: RHP Paul Moskau
|
|
|
Batting: RHB Joey McEndree
|
0-0: Ball 1-0: Swinging Strike 1-1: Fly out, F4 (Flyball, 4D, EV 85.6 MPH)
|
|
Batting: SHB Lee Mazzilli
|
0-0: Called Strike 0-1: Ball 1-1: Foul Ball, location: 2F 1-2: Ball 2-2: Ball 3-2: Strikes out swinging
|
|
Batting: SHB Tony Phillips
|
0-0: Foul Ball, location: 2F 0-1: Ball 1-1: Ball 2-1: Foul Ball, location: 2F 2-2: Ball 3-2: Base on Balls
|
|
Batting: RHB Dave Kingman
|
0-0: Called Strike 0-1: Ball 1-1: Ball 2-1: Called Strike 2-2: Ball 3-2: Foul Ball, location: 2F 3-2: Fly out, F4 (Flyball, 34D, EV 80.0 MPH)
|
| Bottom of the 1st over - 0 runs, 0 hits, 0 errors, 1 left on base; New York 1 - Detroit 0 |
| TOP OF THE 2ND |
|
New York Yankees batting - Pitching for Detroit Tigers : RHP Edwin Ramirez
|
|
Batting: LHB Mario Cabrera
|
0-0: Called Strike 0-1: Fly out, F7 (Line Drive, 7, EV 85.0 MPH)
|
|
Batting: RHB Rod Allen
|
0-0: Called Strike 0-1: Ball 1-1: Called Strike 1-2: Ground out 2-3 (Groundball, 2R, EV 68.8 MPH)
|
|
Batting: RHB Emanuel Cortez
|
0-0: Foul Ball, location: 2F 0-1: Ball 1-1: Ground out 6-3 (Groundball, 56, EV 100.6 MPH)
|
| Top of the 2nd over - 0 runs, 0 hits, 0 errors, 0 left on base; New York 1 - Detroit 0 |
| BOTTOM OF THE 2ND |
|
Detroit Tigers batting - Pitching for New York Yankees : RHP Paul Moskau
|
|
Batting: RHB Larry Parrish
|
0-0: Swinging Strike 0-1: Swinging Strike 0-2: Fly out, F4 (Flyball, 34D, EV 93.1 MPH)
|
|
Batting: LHB Jerry Tabb
|
0-0: Ball 1-0: Foul Ball, location: 2F 1-1: Called Strike 1-2: Strikes out looking
|
|
Batting: RHB Keith Moreland
|
0-0: Ball 1-0: Fly out, F2 (Popup, 25F, EV 86.3 MPH)
|
| Bottom of the 2nd over - 0 runs, 0 hits, 0 errors, 0 left on base; New York 1 - Detroit 0 |
| TOP OF THE 3RD |
|
New York Yankees batting - Pitching for Detroit Tigers : RHP Edwin Ramirez
|
|
Batting: LHB Tim Norrid
|
0-0: Ball 1-0: Ball 2-0: Fly out, F3 (Flyball, 3D, EV 75.6 MPH)
|
|
Batting: SHB Tim Raines
|
0-0: Ball 1-0: Called Strike 1-1: Ground out 4-3 (Groundball, 4, EV 77.5 MPH)
|
|
Batting: SHB Willie Wilson
|
0-0: Called Strike 0-1: SINGLE (Groundball, 4D, EV 98.1 MPH)
|
|
Batting: LHB Kent Hrbek
|
0-0: Ball Wild Pitch! Willie Wilson to second 1-0: Foul Ball, location: 2F 1-1: Foul Ball, location: 2F 1-2: Foul Ball, location: 2F 1-2: Foul Ball, location: 2F 1-2: SINGLE (Groundball, 56D, EV 100.6 MPH) Willie Wilson to third Runner from 3rd tries for Home, throw by LF and OUT! 7-2
|
| Top of the 3rd over - 0 runs, 2 hits, 0 errors, 1 left on base; New York 1 - Detroit 0 |
| BOTTOM OF THE 3RD |
|
Detroit Tigers batting - Pitching for New York Yankees : RHP Paul Moskau
|
|
Batting: SHB Raul Gonzalez
|
0-0: Ball 1-0: Foul Ball, location: 2F 1-1: TRIPLE (Flyball, 7D, EV 96.9 MPH)
|
|
Batting: RHB Mike Sproles
|
0-0: Foul Ball, location: 2F 0-1: Foul Ball, location: 2F 0-2: SINGLE (Groundball, 23, EV 73.1 MPH) (infield hit)
|
|
Batting: RHB Joey McEndree
|
0-0: Called Strike Mike Sproles steals 2nd base 0-1: Ball 1-1: Foul Ball, location: 2F 1-2: Ball 2-2: SINGLE (Line Drive, 7S, EV 109.4 MPH) Raul Gonzalez scores Mike Sproles to third Runner from 3rd tries for Home, SAFE, throw by LF to home
|
|
Batting: SHB Lee Mazzilli
|
0-0: Ball 1-0: Ball 2-0: Fielders Choice at 2nd, 4-6 (Groundball, 34, EV 86.9 MPH)
|
|
Batting: SHB Tony Phillips
|
0-0: Ball 1-0: SINGLE (Line Drive, 89S, EV 88.1 MPH) Lee Mazzilli to second Runner from 2nd tries for 3rd, SAFE, no throw by RF
|
|
Batting: RHB Dave Kingman
|
0-0: Ball 1-0: Swinging Strike 1-1: Called Strike 1-2: Strikes out swinging
|
|
Batting: RHB Larry Parrish
|
0-0: Ball 1-0: Swinging Strike 1-1: Ball 2-1: Ground out 4-3 (Groundball, 4, EV 85.0 MPH)
|
| Bottom of the 3rd over - 2 runs, 4 hits, 0 errors, 2 left on base; New York 1 - Detroit 2 |
| TOP OF THE 4TH |
|
New York Yankees batting - Pitching for Detroit Tigers : RHP Edwin Ramirez
|
|
Batting: LHB George Kaage
|
0-0: Called Strike 0-1: Ball 1-1: Swinging Strike 1-2: Ball 2-2: Foul Ball, location: 2F 2-2: Ball 3-2: Base on Balls
|
|
Batting: RHB Pedro Guerrero
|
0-0: Ball 1-0: Fly out, F4 (Flyball, 34D, EV 85.0 MPH)
|
|
Batting: LHB Mario Cabrera
|
0-0: Ball 1-0: Foul Ball, location: 2F 1-1: Swinging Strike 1-2: Strikes out swinging
|
|
Batting: RHB Rod Allen
|
0-0: Called Strike 0-1: Called Strike 0-2: Strikes out swinging
|
| Top of the 4th over - 0 runs, 0 hits, 0 errors, 1 left on base; New York 1 - Detroit 2 |
| BOTTOM OF THE 4TH |
|
Detroit Tigers batting - Pitching for New York Yankees : RHP Paul Moskau
|
|
Batting: LHB Jerry Tabb
|
0-0: Ball 1-0: Foul Ball, location: 2F 1-1: Fly out, F8 (Flyball, 8LXD, EV 93.8 MPH)
|
|
Batting: RHB Keith Moreland
|
0-0: Ball 1-0: Called Strike 1-1: Ball 2-1: Ball 3-1: Swinging Strike 3-2: Base on Balls
|
|
Batting: SHB Raul Gonzalez
|
0-0: Fly out, F8 (Flyball, 8RS, EV 86.9 MPH)
|
|
Batting: RHB Mike Sproles
|
0-0: Ball Keith Moreland steals 2nd base 1-0: Ball 2-0: Ball 3-0: Called Strike 3-1: Called Strike 3-2: Foul Ball, location: 2F 3-2: Strikes out swinging
|
| Bottom of the 4th over - 0 runs, 0 hits, 0 errors, 1 left on base; New York 1 - Detroit 2 |
| TOP OF THE 5TH |
|
New York Yankees batting - Pitching for Detroit Tigers : RHP Edwin Ramirez
|
|
Batting: RHB Emanuel Cortez
|
0-0: Ball 1-0: Called Strike 1-1: Ball 2-1: Fly out, F8 (Flyball, 8LS, EV 96.9 MPH)
|
|
Batting: LHB Tim Norrid
|
0-0: Ball 1-0: Ball 2-0: SINGLE (Flyball, 8RS, EV 91.9 MPH)
|
|
Batting: SHB Tim Raines
|
0-0: Swinging Strike 0-1: Foul Ball, location: 2F 0-2: Ball 1-2: SINGLE (Groundball, 6MS, EV 71.3 MPH) (infield hit) Tim Norrid to second
|
|
Batting: SHB Willie Wilson
|
0-0: Called Strike 0-1: Hit by Pitch Tim Norrid to third Tim Raines to second
|
|
Batting: LHB Kent Hrbek
|
0-0: Ball 1-0: Called Strike 1-1: Ball 2-1: Swinging Strike 2-2: Ball 3-2: DOUBLE (Flyball, 3D, EV 88.8 MPH) Tim Norrid scores Tim Raines scores Willie Wilson to third Runner from 3rd tries for Home, SAFE, no throw by RF
|
|
Batting: LHB George Kaage
|
0-0: Intentional Walk
|
|
Batting: RHB Pedro Guerrero
|
0-0: Foul Ball, location: 2F 0-1: Ball 1-1: Foul Ball, location: 2F 1-2: Foul Ball, location: 2F 1-2: Strikes out swinging
|
|
Batting: LHB Mario Cabrera
|
0-0: Foul Ball, location: 2F 0-1: Ball 1-1: Ball 2-1: Ball 3-1: SINGLE (Line Drive, 89M, EV 95.0 MPH) Kent Hrbek to third George Kaage to second Runner from 3rd tries for Home, SAFE, throw by RF to home
|
|
Batting: RHB Rod Allen
|
0-0: Called Strike 0-1: Foul Ball, location: 2F 0-2: Ball 1-2: Foul Ball, location: 2F 1-2: Ball 2-2: Foul Ball, location: 2F 2-2: Strikes out looking
|
| Top of the 5th over - 4 runs, 4 hits, 0 errors, 2 left on base; New York 5 - Detroit 2 |
| BOTTOM OF THE 5TH |
|
Detroit Tigers batting - Pitching for New York Yankees : RHP Paul Moskau
|
|
Batting: RHB Joey McEndree
|
0-0: Swinging Strike 0-1: Ball 1-1: Ground out 6-3 (Groundball, 6, EV 78.1 MPH)
|
|
Batting: SHB Lee Mazzilli
|
0-0: Ball 1-0: Fly out, F7 (Flyball, 7LM, EV 93.1 MPH)
|
|
Batting: SHB Tony Phillips
|
0-0: Called Strike 0-1: Ball 1-1: Ball 2-1: Ball 3-1: Foul Ball, location: 2F 3-2: Foul Ball, location: 2F 3-2: Base on Balls
|
|
Batting: RHB Dave Kingman
|
0-0: Called Strike Tony Phillips is caught stealing 2nd base 2-4
|
| Bottom of the 5th over - 0 runs, 0 hits, 0 errors, 0 left on base; New York 5 - Detroit 2 |
| TOP OF THE 6TH |
|
New York Yankees batting - Pitching for Detroit Tigers : RHP Edwin Ramirez
|
|
Batting: RHB Emanuel Cortez
|
0-0: Ball 1-0: Ball 2-0: Foul Ball, location: 2F 2-1: Foul Ball, location: 2F 2-2: Ground out 6-3 (Groundball, 6D, EV 105.6 MPH)
|
|
Batting: LHB Tim Norrid
|
0-0: Foul Ball, location: 2F 0-1: Swinging Strike 0-2: Foul Ball, location: 2F 0-2: Strikes out looking
|
|
Batting: SHB Tim Raines
|
0-0: Foul Ball, location: 2F 0-1: Called Strike 0-2: Foul Ball, location: 2F 0-2: Ball 1-2: Ball 2-2: Foul Ball, location: 2F 2-2: Ball 3-2: Fly out, F8 (Flyball, 8LM, EV 76.3 MPH)
|
| Top of the 6th over - 0 runs, 0 hits, 0 errors, 0 left on base; New York 5 - Detroit 2 |
| BOTTOM OF THE 6TH |
|
Detroit Tigers batting - Pitching for New York Yankees : RHP Paul Moskau
|
|
Batting: RHB Dave Kingman
|
0-0: Ball 1-0: Ball 2-0: Called Strike 2-1: Ball 3-1: Fly out, F7 (Flyball, 7D, EV 83.1 MPH)
|
|
Batting: RHB Larry Parrish
|
0-0: Fly out, F7 (Flyball, 78M, EV 86.9 MPH)
|
|
Batting: LHB Jerry Tabb
|
0-0: Ball 1-0: Ground out 3-1 (Groundball, 34S, EV 90.0 MPH)
|
| Bottom of the 6th over - 0 runs, 0 hits, 0 errors, 0 left on base; New York 5 - Detroit 2 |
| TOP OF THE 7TH |
|
New York Yankees batting - Pitching for Detroit Tigers : RHP Edwin Ramirez
|
|
Batting: SHB Willie Wilson
|
0-0: Swinging Strike 0-1: Ground out U3 (Groundball, 34, EV 93.1 MPH)
|
|
Batting: LHB Kent Hrbek
|
0-0: Ball 1-0: Ball 2-0: Foul Ball, location: 2F 2-1: Ball 3-1: Ground out 4-3 (Groundball, 4, EV 81.9 MPH)
|
|
Batting: LHB George Kaage
|
0-0: Ball 1-0: Ball 2-0: Ball 3-0: Base on Balls
|
|
Batting: RHB Pedro Guerrero
|
0-0: Called Strike 0-1: Ball 1-1: Ball 2-1: SINGLE (Groundball, 34S, EV 90.6 MPH) (infield hit) George Kaage to second
|
|
Batting: LHB Mario Cabrera
|
0-0: Called Strike 0-1: Ball 1-1: Ball Passed Ball! George Kaage to third Pedro Guerrero to second 2-1: Called Strike 2-2: Ball 3-2: Strikes out swinging
|
| Top of the 7th over - 0 runs, 1 hit, 0 errors, 2 left on base; New York 5 - Detroit 2 |
| BOTTOM OF THE 7TH |
|
Detroit Tigers batting - Pitching for New York Yankees : RHP Paul Moskau
|
|
Batting: RHB Keith Moreland
|
0-0: Ball 1-0: Ball 2-0: Called Strike 2-1: Fly out, F6 (Popup, 6MD, EV 58.1 MPH)
|
|
Batting: SHB Raul Gonzalez
|
0-0: Ball 1-0: Fly out, F7 (Flyball, 7, EV 75.0 MPH)
|
|
Batting: RHB Mike Sproles
|
0-0: Fly out, F9 (Line Drive, 9, EV 99.4 MPH)
|
| Bottom of the 7th over - 0 runs, 0 hits, 0 errors, 0 left on base; New York 5 - Detroit 2 |
| TOP OF THE 8TH |
|
New York Yankees batting - Pitching for Detroit Tigers : RHP Edwin Ramirez
|
|
Batting: RHB Rod Allen
|
0-0: Called Strike 0-1: Called Strike 0-2: Strikes out swinging
|
|
Batting: RHB Emanuel Cortez
|
0-0: Called Strike 0-1: Ball 1-1: Swinging Strike 1-2: Ground out 4-3 (Groundball, 4, EV 90.6 MPH)
|
|
Batting: LHB Tim Norrid
|
0-0: Foul Ball, location: 2F 0-1: Ball 1-1: Ball 2-1: Swinging Strike 2-2: Ground out 2-3 (Groundball, 13S, EV 74.4 MPH)
|
| Top of the 8th over - 0 runs, 0 hits, 0 errors, 0 left on base; New York 5 - Detroit 2 |
| BOTTOM OF THE 8TH |
|
Detroit Tigers batting - Pitching for New York Yankees : RHP Paul Moskau
|
|
Now in CF: Larry Hyman
|
|
|
Batting: RHB Joey McEndree
|
0-0: Foul Ball, location: 2F 0-1: Fly out, F8 (Flyball, 8RD, EV 102.5 MPH)
|
|
Batting: SHB Lee Mazzilli
|
0-0: Ball 1-0: Swinging Strike 1-1: Called Strike 1-2: Strikes out swinging
|
|
Batting: SHB Tony Phillips
|
0-0: Foul Ball, location: 2F 0-1: Ball 1-1: Fly out, F7 (Line Drive, 7, EV 91.9 MPH)
|
| Bottom of the 8th over - 0 runs, 0 hits, 0 errors, 0 left on base; New York 5 - Detroit 2 |
| TOP OF THE 9TH |
|
New York Yankees batting - Pitching for Detroit Tigers : RHP Edwin Ramirez
|
|
Pitching: RHP David Steuber
|
|
|
Batting: SHB Tim Raines
|
0-0: Called Strike 0-1: Ball 1-1: Ball 2-1: Ground out 4-3 (Groundball, 4M, EV 98.8 MPH)
|
|
Batting: SHB Willie Wilson
|
0-0: Ball 1-0: Ground out U3 (Groundball, 3, EV 85.6 MPH)
|
|
Batting: LHB Kent Hrbek
|
0-0: Ball 1-0: Foul Ball, location: 2F 1-1: Ball 2-1: SOLO HOME RUN (Flyball, 78XD, EV 92.5 MPH), Distance : 437 ft
|
|
Batting: LHB George Kaage
|
0-0: Ball 1-0: Ball 2-0: Ball 3-0: Base on Balls
|
|
Batting: SHB Larry Hyman
|
0-0: Swinging Strike 0-1: Called Strike 0-2: Strikes out swinging
|
| Top of the 9th over - 1 run, 1 hit, 0 errors, 1 left on base; New York 6 - Detroit 2 |
| BOTTOM OF THE 9TH |
|
Detroit Tigers batting - Pitching for New York Yankees : RHP Paul Moskau
|
|
Batting: RHB Dave Kingman
|
0-0: Ball 1-0: Swinging Strike 1-1: Ball 2-1: Swinging Strike 2-2: Strikes out swinging
|
|
Pitching: RHP Camilo Aprgio
|
|
|
Batting: RHB Larry Parrish
|
0-0: Ball 1-0: Called Strike 1-1: Foul Ball, location: 2F 1-2: Ball 2-2: Foul Ball, location: 2F 2-2: Ball 3-2: Strikes out swinging
|
|
Batting: LHB Jerry Tabb
|
0-0: Foul Ball, location: 2F 0-1: Ball 1-1: Fly out, F9 (Flyball, 9LS, EV 84.4 MPH)
|
| Bottom of the 9th over - 0 runs, 0 hits, 0 errors, 0 left on base; New York 6 - Detroit 2 |
|